 Dungeon Crawl Stone Soup version 0.26-a0-597-gb535b0901c (webtiles) character file.

Game seed: 7588893928969292267

25021 ponzi the Spear-Bearer (level 13, 0/94 HPs)
             Began as a Merfolk Gladiator on Sept 2, 2020.
             Was an Elder of Hepliaklqana.
             Killed from afar by a blizzard demon (24 damage)
             ... with a bolt of lightning
             ... in a Gauntlet.
             The game lasted 00:40:50 (17602 turns).

ponzi the Spear-Bearer (Merfolk Gladiator)         Turns: 17602, Time: 00:40:51

Health: 0/94       AC: 17    Str: 19    XL:     13   Next: 16%
Magic:  14/14      EV: 15    Int: 11    God:    Hepliaklqana [****..]
Gold:   1000       SH:  8    Dex: 17    Spells: 12/12 levels left

rFire    . . .     SeeInvis .   e - +1 trident (freeze)
rCold    + . .     Faith    .   F - +2 buckler
rNeg     . . .     Spirit   .   Q - +2 chain mail {rC+}
rPois    .         Reflect  .   c - +0 helmet
rElec    .         Harm     .   v - +0 cloak
rCorr    +         Clarity  +   o - +2 pair of gloves
MR       .....     NoTele   +   (no boots)
Stlth    ..........             E - amulet of regeneration
HPRegen  0.65/turn              L - ring of the Octopus King {rCorr AC+1 EV+1 Str+1 Int+1 Dex+1}
MPRegen  0.14/turn              l - +4 ring of evasion

@: mighty
A: change form in water, swift swim, stealthy swim, reduced essence, clarity,
clever 1, deformed body, low mp 1, evolution 1
a: Recall Ancestor, Ancestor Identity, Transference, Idealise, Renounce Religion


You were in a Gauntlet.
You worshipped Hepliaklqana.
Hepliaklqana was greatly pleased with you.
You visited 2 branches of the dungeon, and saw 14 of its levels.
You also visited: Gauntlet.

You collected 1000 gold pieces.

Inventory:

Hand Weapons
 a - a +0 trident
 e - a +1 trident of freezing (weapon)
Missiles
 d - 3 throwing nets
 j - 44 poisoned darts (quivered)
 M - a boomerang of dispersal
 O - 5 atropa-tipped darts
Armour
 c - a +0 helmet (worn)
 o - a +2 pair of gloves (worn)
 v - a +0 cloak (worn)
 F - a +2 buckler (worn)
 Q - a +2 chain mail of cold resistance (worn)
Jewellery
 k - an uncursed ring of ice
 l - a +4 ring of evasion (right hand)
 E - an amulet of regeneration (around neck)
 H - an uncursed ring of flight
 L - a ring of the Octopus King (left hand) {rCorr AC+1 EV+1 Str+1 Int+1 Dex+1}
   (You found it in a Gauntlet)

   [ring of resist corrosion]

   It affects your AC (+1).
   It affects your evasion (+1).
   It affects your strength (+1).
   It affects your intelligence (+1).
   It affects your dexterity (+1).
   It provides partial protection from all sources of acid and corrosion.
Wands
 b - a wand of flame (60)
 r - a wand of digging (6)
 s - a wand of paralysis (17)
 t - a wand of random effects (13)
 K - a wand of iceblast (6)
 N - a wand of enslavement (7)
 P - a wand of polymorph (12)
Scrolls
 g - a scroll of enchant weapon {unknown}
 i - 7 scrolls of identify
 m - a scroll of fear
 p - a scroll of magic mapping
 q - 7 scrolls of teleportation
 u - 9 scrolls of remove curse
 w - a scroll of amnesia {unknown}
 y - 2 scrolls of blinking
 I - a scroll of enchant armour {unknown}
 J - a scroll of holy word {unknown}
Potions
 h - 2 potions of resistance
 n - 3 potions of curing
 x - 2 potions of lignification
 z - a potion of might
 A - 4 potions of flight
 B - a potion of brilliance
 C - 2 potions of cancellation
 D - 2 potions of stabbing
 G - 2 potions of heal wounds


   Skills:
 + Level 10.9 Fighting
 - Level 14.0 Polearms
 + Level 7.2 Throwing
 * Level 10.5 Armour
 - Level 4.0 Dodging
 - Level 6.0 Shields
 - Level 1.0 Unarmed Combat
 * Level 4.6 Invocations


You had 12 spell levels left.
You didn't know any spells.
Your spell library contained the following spells:

 Spells                   Type           Power        Failure   Level
 Foxfire                  Conj/Fire      #...         95%         1
 Conjure Flame            Conj/Fire      #.......     100%        3
 Inner Flame              Hex/Fire       #.......     100%        3
 Sticky Flame             Conj/Fire      #.......     100%        4
 Fireball                 Conj/Fire      #.........   100%        5


Dungeon Overview and Level Annotations

Branches:
Dungeon (13/15)            Temple (1/1) D:5            Lair (0/6) D:11
    Orc (0/2) D:9          Vaults (0/5) D:13        Gauntlet (1/1)

Altars:
Ashenzari
Cheibriados
Dithmenos
Elyvilon
Fedhas
Gozag
Hepliaklqana
Kikubaaqudgha
Makhleb
Nemelex Xobeh
Okawaru
Qazlal
Ru
Sif Muna
Trog
Uskayaw
Vehumet
Wu Jian
Xom
Yredelemnul
Zin
The Shining One

Shops:
D:6 *

Annotations:
D:2 exclusion: downstairs
D:3 exclusion: downstairs, Grinder
D:5 2 transporters
D:11 exclusion: downstairs
D:12 exclusion: downstairs Gauntlet 9 transporters


Innate Abilities, Weirdness & Mutations

You revert to your normal form in water.
You are very nimble and swift while swimming.
You are very stealthy in the water. (Stealth+)
Your life essence is reduced to manifest your ancestor. (-10% HP)
You possess an exceptional clarity of mind.
Your mind is acute. (Int +2)
Armour fits poorly on your strangely shaped body.
Your magical capacity is low. (-10% MP)
You evolve.


Message History

You barely miss the blizzard demon.
The blizzard demon is severely wounded.
The blizzard demon hits you but does no damage. x2
Anedjib hits the blizzard demon but does no damage.
Unknown command.
You hit the blizzard demon.
The blizzard demon is severely wounded.
The white imp spits at you.
Unknown command.
You hit the blizzard demon.
The blizzard demon is severely wounded.
The blizzard demon hits you but does no damage.
You block the blizzard demon's attack.
Anedjib hits the blizzard demon but does no damage.
Unknown command.
You barely miss the blizzard demon.
The blizzard demon is severely wounded.
The blizzard demon gestures at you. The bolt of lightning hits you!!
You die...

.........§...#≈#########≈#.......
......8.........................8
.............8.....8.....8.......
.###########...............######
.#..[.©E☼..#...#########...#...(©
.#...#.#...#...#..=©[?.#...#..##.
.#○°..#...E#...#.......#...#.#..#
.#°#E.#..#R#...#.#####.#...#.#..#
.#○#######E#.8.#@R.©...#.8.#..###
.#○#..#©.#h#...#2#####.#...#.#..#
.#°..E#...h#...#5...5..#...#.#..#
.#hR○###..E#...#.......#...#..##.
.#Eh○EE○☼°.#...#########...#W....
.###########.....#.©.#.....######
....#.©.#........#...#........#.©
8...#.8.#...8....#.©.#....8...#.8
....#.©.#.....###########.....#.©


You could see the friendly Anedjib the hexer, a blizzard demon, an efreet, 3
fire elementals, 2 hell hounds and a white imp.

Vanquished Creatures
  A green death (Gauntlet)
  Josephine (D:12)
  A two-headed ogre (D:12)
  2 dancing weapons (D:13)
  Nergalle (D:11)
  3 unseen horrors (D:12)
  A deep elf mage (D:12)
  2 ugly things (D:11)
  Psyche (D:11)
  2 orange demons (Gauntlet)
  Maggie (D:9)
  3 trolls
  Prince Ribbit (D:5)
  2 wraiths
  14 yaks
  Eustachio (D:4)
  A human (D:9)
  6 vampire mosquitoes
  Menkaure (D:4)
  A water moccasin (D:13)
  A soldier ant (D:10)
  7 orc warriors
  3 sky beasts
  3 phantoms
  3 ice beasts
  2 black bears
  A necrophage (D:9)
  2 wolves (D:9)
  7 ogres
  13 centaurs
  Blork the orc (D:5)
  A big kobold (D:8)
  8 bullfrogs
  2 scorpions
  18 killer bees
  15 wights
  3 electric eels (D:11)
  5 howler monkeys
  5 hounds
  2 jellies
  2 bullfrog zombies
  2 centaur zombies
  12 orc priests
  10 orc wizards
  2 centaur skeletons
  3 iguanas
  Terence (D:3)
  A hexer (D:10)
  11 worker ants
  2 hound skeletons
  2 hound zombies
  Robin (D:2)
  2 worker ant zombies
  10 adders
  3 howler monkey skeletons
  4 white imps
  3 adder skeletons
  6 worms
  3 dart slugs
  3 leopard geckos
  51 orcs
  A ball python (D:5)
  8 giant cockroaches
  14 goblins
  9 hobgoblins
  9 jackals
  12 kobolds
  4 quokkas
  3 bats
  7 frilled lizards
  A leopard gecko skeleton (D:4)
  A quokka skeleton (D:4)
  6 rats
  A spectral orc (D:3)
358 creatures vanquished.

Vanquished Creatures (collateral kills)
  Erolcha (D:12)
  A catoblepas (D:13)
  An unseen horror (D:10)
  Maurice (D:11)
  2 hippogriffs
  A water elemental (D:11)
  A wraith (D:12)
  Grum (D:9)
  3 yaks
  2 vampire mosquitoes (D:13)
  2 orc warriors (D:10)
  An ogre (D:11)
  A sky beast (D:9)
  2 scorpions (D:11)
  4 killer bees
  4 wights
  A centaur zombie (D:8)
  A bullfrog skeleton (D:12)
  2 orc priests (D:9)
  A centaur skeleton (D:8)
  An orc wizard (D:9)
  3 worker ants
  A white imp (Gauntlet)
  An ufetubus (D:10)
  11 orcs
  A quokka (D:8)
51 creatures vanquished.

Vanquished Creatures (others)
  7 hexers
  2 ancestors (D:9)
  11 fungi (D:11)
  6 plants (D:11)
26 creatures vanquished.

Grand Total: 435 creatures vanquished

Notes
Turn   | Place    | Note
-------+----------+-------------------------------------------
     0 | D:1      | ponzi the Merfolk Gladiator began the quest for the Orb.
     0 | D:1      | Reached XP level 1. HP: 16/16 MP: 1/1
    88 | D:1      | Reached XP level 2. HP: 21/22 MP: 2/2
   197 | D:1      | Reached skill level 5 in Polearms
   688 | D:2      | Reached XP level 3. HP: 28/28 MP: 3/3
  1407 | D:3      | Reached skill level 6 in Polearms
  1409 | D:3      | Noticed Robin
  1433 | D:2      | Reached skill level 1 in Armour
  1440 | D:2      | Reached XP level 4. HP: 16/34 MP: 4/4
  1970 | D:2      | Killed Robin
  2867 | D:3      | Noticed Terence
  3019 | D:3      | Gained mutation: You are partially covered in yellow
                  | scales. (AC +2) [potion of mutation]
  3019 | D:3      | Gained mutation: You are covered in fur. (AC +1) [potion of
                  | mutation]
  3022 | D:3      | Killed Terence
  3022 | D:3      | Reached XP level 5. HP: 19/40 MP: 5/5
  3305 | D:3      | Noticed Grinder
  3314 | D:3      | Paralysed by Grinder for 4 turns
  3538 | D:3      | Found a basalt altar of Yredelemnul.
  4116 | D:4      | Noticed an ogre
  4127 | D:4      | Killed an ogre
  4127 | D:4      | Reached skill level 7 in Polearms
  4127 | D:4      | Reached XP level 6. HP: 47/47 MP: 6/6
  4317 | D:4      | Noticed Menkaure
  4713 | D:4      | Reached skill level 8 in Polearms
  4713 | D:4      | Reached XP level 7. HP: 52/52 MP: 7/7
  4764 | D:4      | Reached skill level 1 in Shields
  5191 | D:4      | Killed Menkaure
  5191 | D:4      | Reached skill level 9 in Polearms
  5651 | D:4      | Noticed Eustachio
  5680 | D:4      | Reached XP level 8. HP: 49/60 MP: 8/8
  5701 | D:4      | Killed Eustachio
  5822 | D:5      | Entered Level 5 of the Dungeon
  5867 | D:5      | Found a staircase to the Ecumenical Temple.
  5926 | Temple   | Entered the Ecumenical Temple
  6153 | Temple   | Became a worshipper of Hepliaklqana the Forgotten
  6389 | D:5      | Found an ornate altar of the Wu Jian Council.
  6389 | D:5      | Found a shimmering blue altar of Sif Muna.
  6393 | D:5      | Found a transporter.
  6403 | D:5      | Found a transporter.
  6416 | D:5      | Noticed Blork the orc
  6428 | D:5      | Killed Blork the orc
  6428 | D:5      | Reached skill level 10 in Polearms
  6866 | D:5      | Noticed Prince Ribbit
  6879 | D:5      | Killed Prince Ribbit
  7326 | D:6      | Reached XP level 9. HP: 45/60 MP: 9/9
  7425 | D:6      | Reached * piety under Hepliaklqana
  7571 | D:6      | Reached skill level 5 in Fighting
  7711 | D:6      | Found Acemenoe's Mass Market.
  7737 | D:6      | Found a hazy altar of Hepliaklqana.
  8169 | D:7      | Found a sand-covered staircase.
  8178 | D:7      | You fall into a shaft and drop 3 floors!
  8178 | D:10     | Entered Level 10 of the Dungeon
  8195 | D:10     | Reached skill level 11 in Polearms
  8263 | D:9      | Reached skill level 5 in Armour
  8353 | D:9      | Noticed Maurice
  8586 | D:9      | Lost mutation: You are partially covered in yellow scales.
                  | (AC +2) [potion of mutation]
  8586 | D:9      | Lost mutation: You are covered in fur. (AC +1) [potion of
                  | mutation]
  8586 | D:9      | Gained mutation: Your magical capacity is low. (-10% MP)
                  | [potion of mutation]
  8586 | D:9      | Gained mutation: You evolve. [potion of mutation]
  8597 | D:9      | Found a staircase to the Orcish Mines.
  8652 | D:9      | Noticed Maggie
  8673 | D:9      | Killed Maggie
  8673 | D:9      | Reached skill level 12 in Polearms
  8673 | D:9      | Reached skill level 5 in Throwing
  9018 | D:9      | Reached XP level 10. HP: 68/68 MP: 9/9
  9056 | D:9      | Found a burning altar of Makhleb.
  9103 | D:9      | Noticed Grum
  9129 | D:9      | Killed Grum
  9193 | D:9      | Gained mutation: Your mind is acute. (Int +2) [evolution]
  9376 | D:9      | Found a glowing golden altar of the Shining One.
  9432 | D:9      | Reached ** piety under Hepliaklqana
  9433 | D:9      | Remembered your ancestor Anedjib as a hexer
  9569 | D:8      | Reached skill level 13 in Polearms
  9837 | D:7      | Found a blossoming altar of Fedhas.
 10528 | D:7      | Found a shimmering altar of Xom.
 10749 | D:8      | Reached *** piety under Hepliaklqana
 11347 | D:9      | Identified a scroll of acquirement
 11347 | D:9      | Acquired a +4 ring of evasion
 11557 | D:10     | Reached skill level 14 in Polearms
 11557 | D:10     | Reached XP level 11. HP: 57/75 MP: 9/9
 12958 | D:10     | Killed an unseen horror
 12958 | D:10     | Reached skill level 5 in Shields
 13644 | D:11     | Killed Maurice
 13810 | D:11     | Noticed a cyan ugly thing
 13815 | D:11     | Noticed a green ugly thing
 13830 | D:11     | Killed a cyan ugly thing
 13851 | D:11     | Killed a green ugly thing
 13972 | D:11     | Noticed Nergalle
 14011 | D:11     | Killed Nergalle
 14011 | D:11     | Reached skill level 1 in Unarmed Combat
 14014 | D:11     | Reached XP level 12. HP: 48/84 MP: 10/10
 14447 | D:11     | Found a staircase to the Lair.
 14550 | D:12     | Noticed Erolcha
 14729 | D:11     | Noticed Psyche
 14754 | D:11     | Killed Psyche
 14754 | D:11     | Reached skill level 1 in Invocations
 15123 | D:12     | Noticed Josephine
 15138 | D:12     | Killed Josephine
 15340 | D:12     | Killed Erolcha
 15470 | D:12     | Reached **** piety under Hepliaklqana
 15668 | D:12     | Gained mutation: Armour fits poorly on your strangely
                  | shaped body. [evolution]
 15794 | D:12     | Noticed a two-headed ogre
 15806 | D:12     | Killed a two-headed ogre
 16374 | D:12     | Reached skill level 10 in Fighting
 16533 | D:13     | Reached skill level 10 in Armour
 16560 | D:13     | Noticed a catoblepas
 16888 | D:13     | Reached XP level 13. HP: 93/93 MP: 14/14
 16955 | D:13     | Found a gate to the Vaults.
 16981 | D:13     | Found a gate leading to a gauntlet.
 17001 | Gauntlet | Entered a Gauntlet
 17001 | Gauntlet | Found a transporter.
 17006 | Gauntlet | Found the ring of the Octopus King
 17010 | Gauntlet | Found a transporter.
 17012 | Gauntlet | Found a transporter.
 17015 | Gauntlet | Found a transporter.
 17016 | Gauntlet | Found a transporter.
 17023 | Gauntlet | Noticed a blizzard demon
 17025 | Gauntlet | Found a transporter.
 17025 | Gauntlet | Found a transporter.
 17045 | Gauntlet | Found a transporter.
 17062 | Gauntlet | Found a transporter.
 17066 | Gauntlet | Found a transporter.
 17071 | Gauntlet | Noticed a dire elephant
 17074 | Gauntlet | Found a transporter.
 17091 | Gauntlet | Noticed a green death
 17092 | Gauntlet | Found a transporter.
 17117 | Gauntlet | Noticed a dire elephant
 17217 | Gauntlet | Killed a green death
 17479 | Gauntlet | Gained mutation: You possess an exceptional clarity of
                  | mind. [evolution]
 17503 | Gauntlet | Got a ring of the Octopus King
 17507 | Gauntlet | Identified a ring of the Octopus King {rCorr AC+1 EV+1
                  | Str+1 Int+1 Dex+1} (You found it in a Gauntlet)
 17602 | Gauntlet | Killed from afar by a blizzard demon

Illustrated notes

Levels and vault maps discovered:
D:1:      dpeg_arrival_ternary, layout_basic
D:2:      cheibrodos_helix_gallery, layout_basic, minivault_5
D:3:      layout_basic, yredelemnul_forgotten_temple_becter, serial_park_tiny_2,
          uniq_grinder, uniq_terence, uniq_robin
D:4:      minmay_chambers_of_fours, layout_rooms, uniq_menkaure, uniq_eustachio
D:5:      layout_basic, gammafunk_temple_overflow_arena,
          minmay_temple_entry_mist, uniq_blork_the_orc, uniq_prince_ribbit1
D:6:      layout_loops_ring, basic_altar, minmay_shop_mass
D:7:      layout_gridville, fedhas_bush_and_centaur_altar, marbit_many_paths,
          nicolae_ossuary_entry_monument, minmay_splitting_lines,
          nicolae_water_bricks
D:8:      layout_cave_pools
D:9:      layout_basic, kennysheep_little_box, bloody_makhleb, erik_orc_4,
          uniq_maurice, uniq_maggie, uniq_grum
D:10:     layout_cave_pools, special_room [special_room_orc]
D:11:     layout_big_octagon, grunt_lair_entry_orc_guard_hut, uniq_psyche,
          uniq_nergalle
D:12:     layout_cave_pods, uniq_erolcha, uniq_josephine
D:13:     layout_roguey, erik_vaults_1, gauntlet_entry_generic,
          statue_in_the_mist_lemuel, corexii_leaking_fountain, nrook_mini_vaults
Temple:   regret_index_temple_generic_petals
Gauntlet: minmay_gauntlet_mixed_oops_all_seconds
          [minmay_gauntlet_arena_77_double_cross,
          gammafunk_gauntlet_arena_spirals, minmay_gauntlet_arena_77_box,
          nicolae_gauntlet_arena_t_cross,
          minmay_gauntlet_arena_77_chump_sandwich,
          nicolae_gauntlet_arena_quarters, gauntlet_exit_green]

Skill      XL: |  1  2  3  4  5  6  7  8  9 10 11 12 |
---------------+-------------------------------------+-----
Polearms       | 5 6 7 8 9 10 12 14 | 14.0
Armour         | 1 2 3 4 5 7 8 10 | 10.5
Fighting       | 3 4 6 7 8 10 | 10.9
Shields        | 1 2 3 6 |  6.0
Throwing       | 3 4 5 6 7 |  7.2
Unarmed Combat | 1 |  1.0
Invocations    | 4 |  4.6
Dodging        | |  4.0

Action                   |  1- 3 |  4- 6 |  7- 9 | 10-12 | 13-15 || total
-------------------------+-------+-------+-------+-------+-------++-------
Melee: Trident           |   119 |   205 |   351 |  1120 |    89 ||  1884
       Unarmed           |       |       |       |     4 |       ||     4
Throw: Dart              |       |    15 |    52 |    56 |       ||   123
Invok: Recall Ancestor   |       |       |     2 |     5 |       ||     7
       Ancestor Life: He |       |       |       |     1 |       ||     1
       Idealise          |       |       |       |     1 |       ||     1
Evoke: Wand              |       |       |     1 |       |       ||     1
  Use: Potion            |       |     3 |     6 |     4 |     4 ||    17
       Scroll            |       |       |     2 |    14 |     1 ||    17
 Stab: Paralysed         |       |       |     6 |       |       ||     6
       Confused          |       |       |       |    13 |       ||    13
       Distracted        |       |       |       |     9 |       ||     9
       Petrified         |       |       |       |    14 |       ||    14
       Petrifying        |       |       |       |     2 |       ||     2
Armor: Leather armour    |    27 |    19 |       |       |       ||    46
       Scale mail        |       |    42 |    80 |   331 |    16 ||   469
       Chain mail        |       |       |       |       |    11 ||    11
Dodge: Dodged            |    74 |   111 |   125 |   475 |    20 ||   805
Block: Buckler           |     8 |    25 |    42 |   260 |    12 ||   347

Table legend: (Time is in decaauts)
 A = Elapsed time spent in this place.
 B = Non-inter-level travel time spent in this place.
 C = Inter-level travel time spent in this place.
 D = Time resting spent in this place.
 E = Time spent auto-exploring this place.
 F = Levels seen in this place.
 G = Mean time per level.
                   A        B        C        D        E       F      G
               +--------+--------+--------+--------+--------+-----+--------+
         Total |  16978 |  16050 |    928 |   5421 |   7138 |  15 | 1131.9 |
       Dungeon |  16148 |  15279 |    869 |   5214 |   6782 |  13 | 1242.2 |
        Temple |    253 |    194 |     59 |      0 |    193 |   1 |  253.0 |
      Gauntlet |    575 |    575 |      0 |    207 |    163 |   1 |  575.0 |
               +--------+--------+--------+--------+--------+-----+--------+

Top non-repeatable levels by time:
     D:9: 2234 daAuts
     D:3: 1812 daAuts
     D:2: 1729 daAuts
     D:4: 1682 daAuts
    D:12: 1525 daAuts
    D:11: 1516 daAuts
    D:10: 1307 daAuts
     D:5: 1220 daAuts
     D:7: 961 daAuts
     D:6: 819 daAuts
     D:1: 591 daAuts
Gauntlet: 575 daAuts
     D:8: 571 daAuts
  Temple: 253 daAuts
    D:13: 177 daAuts
